Canucks vs Canadiens

Created - January 15 2007 at 20:16

Goals
1 2 3 T
Canucks 0 0 0 0
Canadiens 2 1 1 4
Shots
1 2 3 T
Canucks 5 8 4 17
Canadiens 14 9 9 32

Period #1

1. Canadiens , Olli Jokinen 3 (Andrei Markov) at 0:38
2. Canadiens , Sergei Samsonov 9 (Olli Jokinen, Andrei Markov) at 3:25 (PP)

Penalities :
Bryan Smolinski (VAN) for Tripping (Minor) at 2:57, Steve Begin (MTL) for Delaying the game (Minor) at 4:35, Steve Begin (MTL) for Interference (Minor) at 12:12, Lukas Krajicek (VAN) for Elbowing (Minor) at 18:55

Period #2

3. Canadiens , Steve Reinprecht 9 (Francis Bouillon, Mike Johnson) at 1:27

Penalities :
Sergei Samsonov (MTL) for Holding (Minor) at 7:32, Sheldon Souray (MTL) for High sticking (Minor) at 10:42, Jiri Fischer (VAN) for Roughing (Minor) at 14:14

Period #3

4. Canadiens , Jim Vandermeer 2 (Steve Reinprecht, Martin Gelinas) at 6:18

Penalities :
Sami Salo (VAN) for Boarding (Minor) at 0:35, Shane Doan (MTL) for Slashing (Minor) at 8:31, Matt Cooke (VAN) for High sticking (Minor) at 8:31, Mark Bell (VAN) for Slashing (Minor) at 11:01, Duncan Keith (VAN) for Elbowing (Minor) at 14:27

Goalie Stats

Vesa Toskala (VAN), 28 saves from 32 shots - (0.875), L, 2-7-1, 60:00 minutes
Roberto Luongo (MTL), 17 saves from 17 shots - (1.000), W, 4-10-1, 60:00 minutes

Players Stats

Canucks
Player Name              G  A  P  +/- PIM S  H  SB FO MP 
-----------------------------------------------------------
Alexei Kovalev           0  0  0  -1  0   2  1  1  0  18 
Anson Carter             0  0  0   0  0   1  0  0  0  13 
Brendan Morrison         0  0  0  -1  0   1  0  0  15 22 
Bryan Smolinski          0  0  0  -1  2   1  0  0  17 19 
Duncan Keith             0  0  0  -1  2   1  1  0  0  20 
Jan Bulis                0  0  0  -1  0   2  0  1  0  13 
Jiri Fischer             0  0  0  -1  2   0  0  3  0  21 
Lukas Krajicek           0  0  0  -1  2   1  1  0  0  17 
Marc Chouinard           0  0  0   0  0   1  0  0  8  10 
Mark Bell                0  0  0  -1  2   0  1  0  2  16 
Matt Cooke               0  0  0  -1  2   1  1  0  1  16 
Mattias Ohlund           0  0  0  -1  0   0  1  1  0  24 
Nick Boynton             0  0  0  -1  0   1  0  1  0  21 
Oleg Kvasha              0  0  0  -1  0   2  1  0  1  15 
Ryan Kesler              0  0  0   0  0   1  2  0  1  10 
Saku Koivu               0  0  0  -1  0   1  1  0  27 20 
Sami Salo                0  0  0  -1  2   0  0  1  0  19 
Trevor Linden            0  0  0  -1  0   1  0  1  0  11 
Canadiens
Player Name              G  A  P  +/- PIM S  H  SB FO MP 
-----------------------------------------------------------
Andrei Markov            0  2  2   1  0   0  1  0  0  22 
Craig Rivet              0  0  0   0  0   0  1  2  0  21 
Daniel Sedin             0  0  0   0  0   4  1  0  20 18 
Dave Scatchard           0  0  0   0  0   0  0  0  7  5  
Francis Bouillon         0  1  1   2  0   1  0  1  0  15 
Henrik Sedin             0  0  0   0  0   2  0  0  8  7  
Janne Niinimaa           0  0  0   0  0   0  0  1  0  8  
Jim Vandermeer           1  0  1   2  0   2  0  1  0  18 
Martin Gelinas           0  1  1   2  0   3  1  0  0  18 
Mathieu Schneider        0  0  0   0  0   0  0  1  0  21 
Michael Ryder            0  0  0   1  0   1  1  0  1  22 
Mike Johnson             0  1  1   2  0   1  0  0  1  16 
Olli Jokinen             1  1  2   1  0   6  0  0  11 20 
Sergei Samsonov          1  0  1   0  2   5  1  0  1  18 
Shane Doan               0  0  0   1  2   1  0  0  2  19 
Sheldon Souray           0  0  0   1  2   1  1  0  0  23 
Steve Begin              0  0  0   0  4   1  1  0  1  15 
Steve Reinprecht         1  1  2   2  0   4  0  0  20 21 

3 Stars

1 - Roberto Luongo (MTL)
2 - Steve Reinprecht (MTL)
3 - Olli Jokinen (MTL)

Power Play

Canucks - 0 on 5 Attempt(s) - 0.00%
Canadiens - 1 on 5 Attempt(s) - 20.00%

Penalty Kill

Canucks - 4 on 5 Attempt(s) - 80.00% - Score 0 goal in Penalty Kill
Canadiens - 5 on 5 Attempt(s) - 100.00% - Score 0 goal in Penalty Kill

Game Notes

No Game Note

Finance

Level 1 -- Attendance: 4442 (63.45%) -- Ticket Income $444,200.00
Level 2 -- Attendance: 4644 (77.40%) -- Ticket Income $278,640.00
Level 3 -- Attendance: 2786 (87.59%) -- Ticket Income $97,510.00
Level 4 -- Attendance: 3210 (76.44%) -- Ticket Income $64,200.00
Luxury Box -- Attendance: 1090 (87.22%) -- Ticket Income $218,000.00
Game was played at the Bell Centre
Total Attendance: 16172 (74.76%)
Total Ticket Income: $1,134,190.00
Other Expense: $118,913.60
Total Income: $1,015,276.00


Play by Play

Period #1

0:01 of 1st period - Saku Koivu wins face-off versus Daniel Sedin in neutral zone.
0:14 of 1st period - Shot by Saku Koivu.
0:14 of 1st period - Stopped by Roberto Luongo without a rebound.
0:15 of 1st period - Brendan Morrison wins face-off versus Shane Doan in Canadiens zone.
0:38 of 1st period - Shot by Olli Jokinen.
0:38 of 1st period - Goal by Olli Jokinen.
0:39 of 1st period - Daniel Sedin wins face-off versus Saku Koivu in neutral zone.
0:44 of 1st period - Shot by Sergei Samsonov.
0:44 of 1st period - Stopped by Vesa Toskala with a rebound.
0:49 of 1st period - Shot by Alexei Kovalev.
0:49 of 1st period - Shot Misses the Net.
0:50 of 1st period - Shot by Saku Koivu.
0:50 of 1st period - Shot Misses the Net.
0:53 of 1st period - Shot by Alexei Kovalev.
0:53 of 1st period - Shot Blocked by Mathieu Schneider.
0:55 of 1st period - Saku Koivu is hit by Daniel Sedin and loses puck.
1:12 of 1st period - Saku Koivu is hit by Sergei Samsonov and loses puck.
1:34 of 1st period - Shot by Bryan Smolinski.
1:34 of 1st period - Shot Misses the Net.
1:35 of 1st period - Shot by Lukas Krajicek.
1:35 of 1st period - Stopped by Roberto Luongo without a rebound.
1:36 of 1st period - Olli Jokinen wins face-off versus Brendan Morrison in Canadiens zone.
2:44 of 1st period - Martin Gelinas is hit by Matt Cooke and loses puck.
2:57 of 1st period - Minor Penalty to Bryan Smolinski for Tripping.
2:58 of 1st period - Saku Koivu wins face-off versus Henrik Sedin in Canadiens zone.
3:17 of 1st period - Shot by Henrik Sedin.
3:17 of 1st period - Stopped by Vesa Toskala with a rebound.
3:24 of 1st period - Shot by Sergei Samsonov.
3:24 of 1st period - Stopped by Vesa Toskala with a rebound.
3:25 of 1st period - Shot by Sergei Samsonov.
3:25 of 1st period - Goal by Sergei Samsonov.
3:26 of 1st period - Daniel Sedin wins face-off versus Bryan Smolinski in neutral zone.
3:41 of 1st period - Shot by Oleg Kvasha.
3:41 of 1st period - Stopped by Roberto Luongo without a rebound.
3:42 of 1st period - Marc Chouinard wins face-off versus Mike Johnson in Canadiens zone.
3:57 of 1st period - Shot by Mike Johnson.
3:57 of 1st period - Shot Blocked by Mattias Ohlund.
4:07 of 1st period - Mike Johnson is hit by Ryan Kesler and loses puck.
4:24 of 1st period - Martin Gelinas is hit by Duncan Keith and loses puck.
4:35 of 1st period - Minor Penalty to Steve Begin for Delaying the game.
4:36 of 1st period - Brendan Morrison wins face-off versus Dave Scatchard in neutral zone.
5:01 of 1st period - Shot by Oleg Kvasha.
5:01 of 1st period - Shot Misses the Net.
6:51 of 1st period - Icing by Sheldon Souray.
6:52 of 1st period - Olli Jokinen wins face-off versus Marc Chouinard in Canadiens zone.
7:51 of 1st period - Shot by Daniel Sedin.
7:51 of 1st period - Stopped by Vesa Toskala without a rebound.
7:52 of 1st period - Steve Reinprecht wins face-off versus Bryan Smolinski in Canucks zone.
8:21 of 1st period - Shot by Mike Johnson.
8:21 of 1st period - Shot Misses the Net.
8:24 of 1st period - Shot by Steve Reinprecht.
8:24 of 1st period - Stopped by Vesa Toskala without a rebound.
8:25 of 1st period - Daniel Sedin wins face-off versus Saku Koivu in Canucks zone.
8:50 of 1st period - Shot by Daniel Sedin.
8:50 of 1st period - Stopped by Vesa Toskala without a rebound.
8:51 of 1st period - Michael Ryder wins face-off versus Brendan Morrison in Canucks zone.
9:08 of 1st period - Shot by Jan Bulis.
9:08 of 1st period - Shot Misses the Net.
9:10 of 1st period - Icing by Sheldon Souray.
9:11 of 1st period - Bryan Smolinski wins face-off versus Olli Jokinen in Canadiens zone.
9:14 of 1st period - Shot by Oleg Kvasha.
9:14 of 1st period - Shot Misses the Net.
9:20 of 1st period - Icing by Sheldon Souray.
9:21 of 1st period - Olli Jokinen wins face-off versus Saku Koivu in Canadiens zone.
9:21 of 1st period - Andrei Markov is hit by Alexei Kovalev and loses puck.
10:27 of 1st period - Shot by Jan Bulis.
10:27 of 1st period - Stopped by Roberto Luongo without a rebound.
10:28 of 1st period - Daniel Sedin wins face-off versus Bryan Smolinski in Canadiens zone.
11:12 of 1st period - Off-side.
11:13 of 1st period - Steve Reinprecht wins face-off versus Brendan Morrison in neutral zone.
11:36 of 1st period - Shot by Steve Reinprecht.
11:36 of 1st period - Shot Misses the Net.
11:39 of 1st period - Shot by Martin Gelinas.
11:39 of 1st period - Shot Misses the Net.
11:42 of 1st period - Shot by Mike Johnson.
11:42 of 1st period - Shot Blocked by Jiri Fischer.
11:43 of 1st period - Shot by Jim Vandermeer.
11:43 of 1st period - Stopped by Vesa Toskala without a rebound.
11:44 of 1st period - Saku Koivu wins face-off versus Daniel Sedin in Canucks zone.
12:12 of 1st period - Minor Penalty to Steve Begin for Interference.
12:13 of 1st period - Brendan Morrison wins face-off versus Dave Scatchard in Canucks zone.
12:18 of 1st period - Shot by Oleg Kvasha.
12:18 of 1st period - Shot Misses the Net.
12:21 of 1st period - Shot by Brendan Morrison.
12:21 of 1st period - Shot Blocked by Janne Niinimaa.
13:34 of 1st period - Shot by Daniel Sedin.
13:34 of 1st period - Stopped by Vesa Toskala with a rebound.
13:39 of 1st period - Shot by Steve Reinprecht.
13:39 of 1st period - Stopped by Vesa Toskala with a rebound.
15:16 of 1st period - Shot by Steve Reinprecht.
15:16 of 1st period - Shot Misses the Net.
15:17 of 1st period - Shot by Francis Bouillon.
15:17 of 1st period - Stopped by Vesa Toskala without a rebound.
15:18 of 1st period - Saku Koivu wins face-off versus Daniel Sedin in Canucks zone.
16:30 of 1st period - Icing by Steve Reinprecht.
16:31 of 1st period - Steve Reinprecht wins face-off versus Bryan Smolinski in Canadiens zone.
16:45 of 1st period - Icing by Mike Johnson.
16:46 of 1st period - Brendan Morrison wins face-off versus Steve Reinprecht in Canadiens zone.
16:47 of 1st period - Shot by Jan Bulis.
16:47 of 1st period - Stopped by Roberto Luongo with a rebound.
16:52 of 1st period - Shot by Mike Johnson.
16:52 of 1st period - Shot Misses the Net.
16:55 of 1st period - Shot by Mike Johnson.
16:55 of 1st period - Shot Blocked by Jiri Fischer.
16:56 of 1st period - Shot by Jim Vandermeer.
16:56 of 1st period - Shot Blocked by Jan Bulis.
16:57 of 1st period - Shot by Jim Vandermeer.
16:57 of 1st period - Shot Misses the Net.
17:53 of 1st period - Brendan Morrison is hit by Craig Rivet and loses puck.
18:07 of 1st period - Shot by Sergei Samsonov.
18:07 of 1st period - Shot Hit the Post.
18:12 of 1st period - Shot by Sergei Samsonov.
18:12 of 1st period - Stopped by Vesa Toskala without a rebound.
18:13 of 1st period - Steve Reinprecht wins face-off versus Saku Koivu in Canucks zone.
18:18 of 1st period - Shot by Mike Johnson.
18:18 of 1st period - Stopped by Vesa Toskala without a rebound.
18:19 of 1st period - Marc Chouinard wins face-off versus Steve Reinprecht in Canucks zone.
18:33 of 1st period - Off-side.
18:34 of 1st period - Bryan Smolinski wins face-off versus Daniel Sedin in neutral zone.
18:53 of 1st period - Shot by Bryan Smolinski.
18:53 of 1st period - Shot Misses the Net.
18:55 of 1st period - Minor Penalty to Lukas Krajicek for Elbowing.
18:56 of 1st period - Steve Reinprecht wins face-off versus Saku Koivu in Canadiens zone.
19:42 of 1st period - Off-side.
19:43 of 1st period - Bryan Smolinski wins face-off versus Henrik Sedin in neutral zone.

Period #2

0:01 of 2nd period - Saku Koivu wins face-off versus Henrik Sedin in neutral zone.
0:15 of 2nd period - Icing by Sheldon Souray.
0:16 of 2nd period - Olli Jokinen wins face-off versus Saku Koivu in Canadiens zone.
0:33 of 2nd period - Shot by Sergei Samsonov.
0:33 of 2nd period - Stopped by Vesa Toskala without a rebound.
0:34 of 2nd period - Saku Koivu wins face-off versus Steve Reinprecht in Canucks zone.
1:13 of 2nd period - Shot by Oleg Kvasha.
1:13 of 2nd period - Shot Blocked by Jim Vandermeer.
1:24 of 2nd period - Shot by Steve Reinprecht.
1:24 of 2nd period - Shot Misses the Net.
1:27 of 2nd period - Shot by Steve Reinprecht.
1:27 of 2nd period - Goal by Steve Reinprecht.
1:28 of 2nd period - Saku Koivu wins face-off versus Daniel Sedin in neutral zone.
1:28 of 2nd period - Sami Salo is hit by Andrei Markov and loses puck.
1:45 of 2nd period - Alexei Kovalev is hit by Sheldon Souray and loses puck.
4:01 of 2nd period - Shot by Oleg Kvasha.
4:01 of 2nd period - Stopped by Roberto Luongo with a rebound.
4:12 of 2nd period - Shot by Michael Ryder.
4:12 of 2nd period - Shot Misses the Net.
4:15 of 2nd period - Shot by Olli Jokinen.
4:15 of 2nd period - Stopped by Vesa Toskala with a rebound.
4:16 of 2nd period - Shot by Michael Ryder.
4:16 of 2nd period - Shot Blocked by Trevor Linden.
4:17 of 2nd period - Shot by Sheldon Souray.
4:17 of 2nd period - Stopped by Vesa Toskala without a rebound.
4:18 of 2nd period - Shane Doan wins face-off versus Marc Chouinard in Canucks zone.
4:23 of 2nd period - Shot by Olli Jokinen.
4:23 of 2nd period - Shot Misses the Net.
4:28 of 2nd period - Shot by Mattias Ohlund.
4:28 of 2nd period - Shot Misses the Net.
4:31 of 2nd period - Shot by Anson Carter.
4:31 of 2nd period - Stopped by Roberto Luongo with a rebound.
4:40 of 2nd period - Shot by Anson Carter.
4:40 of 2nd period - Stopped by Roberto Luongo without a rebound.
4:41 of 2nd period - Brendan Morrison wins face-off versus Daniel Sedin in Canadiens zone.
4:46 of 2nd period - Shot by Matt Cooke.
4:46 of 2nd period - Stopped by Roberto Luongo with a rebound.
5:38 of 2nd period - Icing by Francis Bouillon.
5:39 of 2nd period - Saku Koivu wins face-off versus Steve Reinprecht in Canadiens zone.
5:52 of 2nd period - Shot by Steve Reinprecht.
5:52 of 2nd period - Shot Misses the Net.
6:15 of 2nd period - Shot by Olli Jokinen.
6:15 of 2nd period - Shot Misses the Net.
6:20 of 2nd period - Shot by Olli Jokinen.
6:20 of 2nd period - Shot Misses the Net.
6:23 of 2nd period - Shot by Olli Jokinen.
6:23 of 2nd period - Stopped by Vesa Toskala with a rebound.
6:26 of 2nd period - Shot by Olli Jokinen.
6:26 of 2nd period - Shot Blocked by Sami Salo.
7:32 of 2nd period - Minor Penalty to Sergei Samsonov for Holding.
7:33 of 2nd period - Dave Scatchard wins face-off versus Matt Cooke in Canadiens zone.
7:57 of 2nd period - Icing by Ryan Kesler.
7:58 of 2nd period - Brendan Morrison wins face-off versus Dave Scatchard in Canucks zone.
8:20 of 2nd period - Icing by Mattias Ohlund.
8:21 of 2nd period - Dave Scatchard wins face-off versus Saku Koivu in Canucks zone.
9:16 of 2nd period - Shot by Alexei Kovalev.
9:16 of 2nd period - Stopped by Roberto Luongo without a rebound.
9:17 of 2nd period - Dave Scatchard wins face-off versus Saku Koivu in Canadiens zone.
9:46 of 2nd period - Shot by Trevor Linden.
9:46 of 2nd period - Stopped by Roberto Luongo with a rebound.
10:42 of 2nd period - Minor Penalty to Sheldon Souray for High sticking.
10:43 of 2nd period - Dave Scatchard wins face-off versus Saku Koivu in Canadiens zone.
12:24 of 2nd period - Shot by Anson Carter.
12:24 of 2nd period - Stopped by Roberto Luongo without a rebound.
12:25 of 2nd period - Brendan Morrison wins face-off versus Daniel Sedin in Canadiens zone.
12:44 of 2nd period - Shot by Brendan Morrison.
12:44 of 2nd period - Stopped by Roberto Luongo without a rebound.
12:45 of 2nd period - Ryan Kesler wins face-off versus Olli Jokinen in Canadiens zone.
13:11 of 2nd period - Shane Doan is hit by Mattias Ohlund and loses puck.
13:48 of 2nd period - Icing by Mattias Ohlund.
13:49 of 2nd period - Daniel Sedin wins face-off versus Marc Chouinard in Canucks zone.
13:50 of 2nd period - Shot by Steve Begin.
13:50 of 2nd period - Stopped by Vesa Toskala with a rebound.
14:14 of 2nd period - Minor Penalty to Jiri Fischer for Roughing.
14:15 of 2nd period - Bryan Smolinski wins face-off versus Steve Reinprecht in neutral zone.
14:34 of 2nd period - Shot by Steve Reinprecht.
14:34 of 2nd period - Stopped by Vesa Toskala without a rebound.
14:35 of 2nd period - Bryan Smolinski wins face-off versus Sergei Samsonov in Canucks zone.
16:42 of 2nd period - Shot by Steve Reinprecht.
16:42 of 2nd period - Stopped by Vesa Toskala with a rebound.
16:43 of 2nd period - Shot by Martin Gelinas.
16:43 of 2nd period - Shot Misses the Net.
16:48 of 2nd period - Shot by Martin Gelinas.
16:48 of 2nd period - Shot Misses the Net.
16:50 of 2nd period - Icing by Jan Bulis.
16:51 of 2nd period - Mark Bell wins face-off versus Steve Begin in Canucks zone.
17:44 of 2nd period - Shot by Anson Carter.
17:44 of 2nd period - Shot Blocked by Francis Bouillon.
18:27 of 2nd period - Shot by Olli Jokinen.
18:27 of 2nd period - Stopped by Vesa Toskala without a rebound.
18:28 of 2nd period - Saku Koivu wins face-off versus Daniel Sedin in Canucks zone.
18:28 of 2nd period - Alexei Kovalev is hit by Steve Begin and loses puck.
18:47 of 2nd period - Icing by Mark Bell.
18:48 of 2nd period - Saku Koivu wins face-off versus Olli Jokinen in Canucks zone.

Period #3

0:01 of 3rd period - Saku Koivu wins face-off versus Daniel Sedin in neutral zone.
0:15 of 3rd period - Mathieu Schneider is hit by Saku Koivu and loses puck.
0:34 of 3rd period - Mathieu Schneider is hit by Mark Bell and loses puck.
0:35 of 3rd period - Minor Penalty to Sami Salo for Boarding.
0:36 of 3rd period - Bryan Smolinski wins face-off versus Henrik Sedin in Canucks zone.
0:47 of 3rd period - Shot by Olli Jokinen.
0:47 of 3rd period - Shot Blocked by Nick Boynton.
0:50 of 3rd period - Shot by Henrik Sedin.
0:50 of 3rd period - Shot Misses the Net.
0:55 of 3rd period - Shot by Olli Jokinen.
0:55 of 3rd period - Shot Blocked by Jiri Fischer.
1:00 of 3rd period - Shot by Henrik Sedin.
1:00 of 3rd period - Stopped by Vesa Toskala without a rebound.
1:01 of 3rd period - Saku Koivu wins face-off versus Steve Reinprecht in Canucks zone.
2:31 of 3rd period - Icing by Steve Reinprecht.
2:32 of 3rd period - Steve Reinprecht wins face-off versus Brendan Morrison in Canadiens zone.
2:38 of 3rd period - Icing by Jim Vandermeer.
2:39 of 3rd period - Steve Reinprecht wins face-off versus Marc Chouinard in Canadiens zone.
2:43 of 3rd period - Steve Reinprecht is hit by Ryan Kesler and loses puck.
3:24 of 3rd period - Icing by Anson Carter.
3:25 of 3rd period - Marc Chouinard wins face-off versus Olli Jokinen in Canucks zone.
4:02 of 3rd period - Shot by Olli Jokinen.
4:02 of 3rd period - Stopped by Vesa Toskala without a rebound.
4:03 of 3rd period - Bryan Smolinski wins face-off versus Daniel Sedin in Canucks zone.
4:19 of 3rd period - Mathieu Schneider is hit by Oleg Kvasha and loses puck.
5:07 of 3rd period - Shot by Martin Gelinas.
5:07 of 3rd period - Stopped by Vesa Toskala without a rebound.
5:08 of 3rd period - Olli Jokinen wins face-off versus Brendan Morrison in Canucks zone.
6:17 of 3rd period - Shot by Steve Reinprecht.
6:17 of 3rd period - Shot Misses the Net.
6:18 of 3rd period - Shot by Jim Vandermeer.
6:18 of 3rd period - Goal by Jim Vandermeer.
6:19 of 3rd period - Marc Chouinard wins face-off versus Daniel Sedin in neutral zone.
6:29 of 3rd period - Icing by Daniel Sedin.
6:30 of 3rd period - Saku Koivu wins face-off versus Daniel Sedin in Canadiens zone.
6:46 of 3rd period - Icing by Saku Koivu.
6:47 of 3rd period - Mark Bell wins face-off versus Steve Reinprecht in Canucks zone.
7:06 of 3rd period - Shot by Martin Gelinas.
7:06 of 3rd period - Shot Misses the Net.
7:07 of 3rd period - Shot by Francis Bouillon.
7:07 of 3rd period - Shot Blocked by Alexei Kovalev.
7:10 of 3rd period - Shot by Steve Reinprecht.
7:10 of 3rd period - Shot Misses the Net.
7:11 of 3rd period - Shot by Martin Gelinas.
7:11 of 3rd period - Stopped by Vesa Toskala without a rebound.
7:12 of 3rd period - Bryan Smolinski wins face-off versus Olli Jokinen in Canucks zone.
7:19 of 3rd period - Shot by Oleg Kvasha.
7:19 of 3rd period - Stopped by Roberto Luongo without a rebound.
7:20 of 3rd period - Bryan Smolinski wins face-off versus Daniel Sedin in Canadiens zone.
7:33 of 3rd period - Shot by Bryan Smolinski.
7:33 of 3rd period - Shot Blocked by Craig Rivet.
7:52 of 3rd period - Shot by Oleg Kvasha.
7:52 of 3rd period - Shot Misses the Net.
8:21 of 3rd period - Shot by Olli Jokinen.
8:21 of 3rd period - Stopped by Vesa Toskala with a rebound.
8:31 of 3rd period - Minor Penalty to Shane Doan for Slashing.
8:31 of 3rd period - Minor Penalty to Matt Cooke for High sticking.
8:32 of 3rd period - Saku Koivu wins face-off versus Steve Reinprecht in Canucks zone.
9:37 of 3rd period - Shot by Bryan Smolinski.
9:37 of 3rd period - Shot Blocked by Craig Rivet.
9:38 of 3rd period - Shot by Nick Boynton.
9:38 of 3rd period - Stopped by Roberto Luongo without a rebound.
9:39 of 3rd period - Bryan Smolinski wins face-off versus Henrik Sedin in Canadiens zone.
10:11 of 3rd period - Icing by Mathieu Schneider.
10:12 of 3rd period - Saku Koivu wins face-off versus Henrik Sedin in Canadiens zone.
10:57 of 3rd period - Shot by Anson Carter.
10:57 of 3rd period - Shot Misses the Net.
10:58 of 3rd period - Shot by Duncan Keith.
10:58 of 3rd period - Stopped by Roberto Luongo without a rebound.
10:59 of 3rd period - Steve Reinprecht wins face-off versus Saku Koivu in Canadiens zone.
11:01 of 3rd period - Minor Penalty to Mark Bell for Slashing.
11:02 of 3rd period - Saku Koivu wins face-off versus Olli Jokinen in neutral zone.
12:26 of 3rd period - Off-side.
12:27 of 3rd period - Bryan Smolinski wins face-off versus Henrik Sedin in neutral zone.
12:44 of 3rd period - Shot by Alexei Kovalev.
12:44 of 3rd period - Shot Misses the Net.
13:25 of 3rd period - Shot by Ryan Kesler.
13:25 of 3rd period - Shot Misses the Net.
13:26 of 3rd period - Shot by Marc Chouinard.
13:26 of 3rd period - Stopped by Roberto Luongo without a rebound.
13:27 of 3rd period - Bryan Smolinski wins face-off versus Daniel Sedin in Canadiens zone.
13:41 of 3rd period - Icing by Janne Niinimaa.
13:42 of 3rd period - Brendan Morrison wins face-off versus Daniel Sedin in Canadiens zone.
14:05 of 3rd period - Shot by Michael Ryder.
14:05 of 3rd period - Stopped by Vesa Toskala without a rebound.
14:06 of 3rd period - Steve Reinprecht wins face-off versus Oleg Kvasha in Canucks zone.
14:06 of 3rd period - Mike Johnson is hit by Lukas Krajicek and loses puck.
14:27 of 3rd period - Minor Penalty to Duncan Keith for Elbowing.
14:28 of 3rd period - Saku Koivu wins face-off versus Henrik Sedin in Canucks zone.
15:27 of 3rd period - Shot by Steve Reinprecht.
15:27 of 3rd period - Stopped by Vesa Toskala without a rebound.
15:28 of 3rd period - Steve Reinprecht wins face-off versus Bryan Smolinski in Canucks zone.
17:26 of 3rd period - Bryan Smolinski is hit by Michael Ryder and loses puck.
18:10 of 3rd period - Shot by Daniel Sedin.
18:10 of 3rd period - Shot Hit the Post.
18:13 of 3rd period - Shot by Sergei Samsonov.
18:13 of 3rd period - Shot Hit the Post.
18:16 of 3rd period - Shot by Daniel Sedin.
18:16 of 3rd period - Shot Misses the Net.
18:19 of 3rd period - Shot by Mathieu Schneider.
18:19 of 3rd period - Stopped by Vesa Toskala without a rebound.
18:20 of 3rd period - Brendan Morrison wins face-off versus Steve Reinprecht in Canucks zone.
18:28 of 3rd period - Icing by Jan Bulis.
18:29 of 3rd period - Brendan Morrison wins face-off versus Steve Reinprecht in Canucks zone.
19:05 of 3rd period - Jan Bulis is hit by Martin Gelinas and loses puck.
19:25 of 3rd period - Shot by Mark Bell.
19:25 of 3rd period - Shot Hit the Post.


Output by the SimonT Hockey Simulator (STHS) for Stephane Roy -- Original Page W3C XHTML 1.0 Valid